Arrhythmia, chaotic female vampiric Convict -----*...........}}}}................}}}}}.............}}.}}}........ |)...............}}}}................}}}}}............}}}}}}}............ |................}}}}..............}}}}}}}............}}}}................. |.............}}}}}}............./.}}}}}}}...........}}}}}.................. |...........}}}.}}}}..............Y}}}}}}}...........}}}}................... |...........}}}}}}}................}}}}}}}...........}.}}.................. |............}}}}.................}}}}}}}}..........}}}}................... |...........}}}}}}}...............}}}}}}}}}.....(..}}}}}..................0 |.............}}.}}}..............}.}}}.}}}}.......}}}}..................... |............}}}}.}}....O........}}}}...}}}}}......}}}}..................... |............}}}}}}}.............}}.}}...}}}}}}}}}}}}}....................^ |............}}}}}}..............}}}}....}}.}..}.}}}}}..................... |............}}}}................}}}}......}}}}.}}}}}}..................... |....<.......}}}}................}}}}}}.}...}}}}.}}}}}}.................... |............}}}}..............MO}}}}}.}}..}}}.}}..}}....................@ |............}}.................}.}}}}}}}}}.}}}}}..}}}}.}}}..............i |.........}}}}}...............}}}}}}.}}}}}}.}}}}}}.}}}}}}}}}}.............. |.........}}}}}}.............}}}}.}}..}}}}}..}}}}}....}}}}}}}.............. |........}}}.}}}.............}}}}}}....}}}}....}}}}....}}}.}}.............. |........}}}}}}}.............}}}}.:.....}}......}}}.......}}}...........> ----------}}................. }}................}}}.......}}}.......... Arrhythmia the Jail-bird Experience level: 8 Strength: 18 Dexterity: 13 Constitution: 17 Intelligence: 9 Wisdom: 7 Charisma: 8 Health: 0(84) Energy: 45(45) AC: 4 Gold: 408 Moves: 3069 Your Inventory: Coins $ - 408 gold pieces Armor b - a cursed +0 striped shirt g - an uncursed +0 pair of low boots (being worn) m - an [uncursed] +0 elven mithril-coat (being worn) Scrolls q - an [uncursed] unlabeled scroll [of blank paper] Potions p - an [uncursed] soapy potion [of object detection] Rings n - an [uncursed] black onyx ring [of regeneration] Tools d - an uncursed blindfold e - an uncursed mirror Iron balls c - an uncursed heavy iron ball (weapon in hand) Spells known in the end: Name Level Category Fail Memory Your skills at the end: Fighting Skills Weapon Skills sling [Basic / Skilled] Spellcasting Skills Final Attributes: You were piously aligned. Hunger level was 692. Your alignment was 25 / 25. Monster difficulty range was 1 - 7. Level difficulty was 7. You were immune to poison. You were immune to level-drain. You were immune to sickness. You saw invisible. You could fly. You could survive without air. You regenerated. Your luck was zero. You are dead. Vanquished creatures: a black pudding 3 wargs a small mimic a gelatinous cube a shocking sphere a lynx a jaguar a wood nymph a water nymph a mountain nymph 2 Mordor orcs an orc shaman a pony 2 yellow lights 2 violet fungi a black naga hatchling a ghoul a wax golem 2 giant ants a kobold lord a rabid rat a giant bat an iguana 2 killer bees a coyote 2 gas spores 5 hobbits a large kobold a hobgoblin 6 giant rats 4 cave spiders a yellow mold a gnome zombie 3 geckos 3 jackals a fox 2 kobolds 3 goblins 4 sewer rats 5 grid bugs 2 bats 2 lichens 3 kobold zombies 3 newts 84 creatures vanquished. Voluntary challenges: You left the true Path of Zen. You went without food. You never hit with a wielded weapon. You read items or engraved 1 time. You put on armor 4 times. You never genocided any monsters. You never polymorphed an object. You never changed form. You used no wishes. You abstained from Elbereth's help. You never encountered a bones level. You never used any Sokoban shortcuts. Dungeon overview: The Dungeons of Doom: levels 1 to 8 Level 1 a long staircase Level 2 a delicatessen Level 3 an armor shop, a sink Level 4 (Succ) Level 5 many fountains Level 6 stairs to Sokoban Level 8 a fountain stairs to Town Sokoban: Level 5 a magic chest stairs to The Dungeons of Doom Town: Level 7 <- You were here stairs to The Dungeons of Doom History has recorded: On T:1 you entered the Dungeons of Doom to retrieve the Amulet of Yendor! On T:94 you reached level 2 of The Dungeons of Doom. On T:316 you advanced to experience level 2. On T:714 you advanced to experience level 3. On T:919 you advanced to experience level 4. On T:1017 you reached level 3 of The Dungeons of Doom. On T:1159 you advanced to experience level 5. On T:1257 you reached level 4 of The Dungeons of Doom. On T:1304 you advanced to experience level 6. On T:1687 you reached level 5 of The Dungeons of Doom. On T:2027 you reached level 6 of The Dungeons of Doom. On T:2278 you reached level 3 of Sokoban. On T:2288 you advanced to experience level 7. On T:2482 you reached level 7 of The Dungeons of Doom. On T:2842 you reached level 8 of The Dungeons of Doom. On T:3043 you advanced to experience level 8. On T:3057 you reached level 3 of Town. Latest messages: You kill the giant rat! The tengu bites! [HP-6=13] You see here a giant rat corpse. The giant rat bites! [HP-2=11] You are having a tough time swinging the heavy iron ball. You kill the giant rat! The tengu bites! [HP-2=9] You miss the tengu. You bite the tengu. The tengu bites! You miss the tengu. You bite the tengu. The tengu bites! [HP-3=6] You hit the tengu. You bite the tengu. You feed on the lifeblood. The tengu suddenly seems weaker! The tengu bites! You die... Final status: Goodbye Arrhythmia the Convict... You died in Town on dungeon level 7 with 5518 points, and 408 pieces of gold, after 3069 moves. You were level 8 with a maximum of 84 hit points when you died.